| TOP OF THE 1ST |
|
Greenville Spinners batting - Pitching for Spartanburg Spartans : LHP Scott Budner
|
|
Pitching: LHP Scott Budner
|
|
|
Batting: RHB Tony Russell
|
0-0: Ground out 4-3 (Groundball, 13, EV 88.1 MPH)
|
|
Batting: RHB Byron Peyton
|
0-0: Called Strike 0-1: Ball 1-1: Foul Ball, location: 2F 1-2: Ball 2-2: Strikes out swinging
|
|
Batting: RHB Bobby Miscik
|
0-0: Ball 1-0: Ball 2-0: Ball 3-0: Called Strike 3-1: Called Strike 3-2: Reached on error, E6 (Groundball, 6, EV 81.9 MPH)
|
|
Batting: LHB John Edmonds
|
0-0: Called Strike 0-1: Ground out 4-3 (Groundball, 4, EV 83.8 MPH)
|
| Top of the 1st over - 0 runs, 0 hits, 1 error, 1 left on base; Greenville 0 - Spartanburg 0 |
| BOTTOM OF THE 1ST |
|
Spartanburg Spartans batting - Pitching for Greenville Spinners : RHP Robert Hussey
|
|
Pitching: RHP Robert Hussey
|
|
|
Batting: SHB Michael Vanderburg
|
0-0: Ball 1-0: Called Strike 1-1: Ball 2-1: SINGLE (Flyball, 89S, EV 87.5 MPH)
|
|
Batting: LHB Albert Ortiz
|
0-0: Called Strike 0-1: Ball 1-1: Called Strike 1-2: Ball 2-2: Fielders Choice at 2nd, 4-6 (Groundball, 4S, EV 84.4 MPH)
|
|
Batting: RHB Gib Seibert
|
0-0: Ball Albert Ortiz steals 2nd base 1-0: Ball 2-0: Called Strike 2-1: Called Strike 2-2: Strikes out swinging
|
|
Batting: LHB John Hennell
|
0-0: Fly out, F7 (Flyball, 78D, EV 95.0 MPH)
|
| Bottom of the 1st over - 0 runs, 1 hit, 0 errors, 1 left on base; Greenville 0 - Spartanburg 0 |
| TOP OF THE 2ND |
|
Greenville Spinners batting - Pitching for Spartanburg Spartans : LHP Scott Budner
|
|
Batting: RHB Glenn Robertson
|
0-0: Fly out, F6 (Popup, 6D, EV 46.9 MPH)
|
|
Batting: SHB Thomas Colburn
|
0-0: Called Strike 0-1: Foul Ball, location: 2F 0-2: SINGLE (Groundball, 4MD, EV 100.6 MPH)
|
|
Batting: RHB Michael McEvilly
|
0-0: Foul Ball, location: 2F 0-1: Ball 1-1: Foul Ball, location: 2F 1-2: Foul Ball, location: 2F 1-2: Grounds into double play, 5-4-3 (Groundball, 56S, EV 81.3 MPH)
|
| Top of the 2nd over - 0 runs, 1 hit, 0 errors, 0 left on base; Greenville 0 - Spartanburg 0 |
| BOTTOM OF THE 2ND |
|
Spartanburg Spartans batting - Pitching for Greenville Spinners : RHP Robert Hussey
|
|
Batting: RHB Van Sowards
|
0-0: Foul Ball, location: 2F 0-1: Ground out 5-3 (Groundball, 5S, EV 65.6 MPH)
|
|
Batting: LHB Warren McReddie
|
0-0: Called Strike 0-1: Ball 1-1: Swinging Strike 1-2: Foul Ball, location: 2F 1-2: Strikes out swinging
|
|
Batting: RHB Rigo Rodriguez
|
0-0: Ball 1-0: Ball 2-0: Ball 3-0: Base on Balls
|
|
Batting: RHB Ron Dillard
|
0-0: Ball 1-0: Called Strike 1-1: Ball 2-1: Ground out 5-3 (Groundball, 56S, EV 78.8 MPH)
|
| Bottom of the 2nd over - 0 runs, 0 hits, 0 errors, 1 left on base; Greenville 0 - Spartanburg 0 |
| TOP OF THE 3RD |
|
Greenville Spinners batting - Pitching for Spartanburg Spartans : LHP Scott Budner
|
|
Batting: RHB Darrell Woodard
|
0-0: Foul Ball, location: 2F 0-1: Ball 1-1: Ground out U3 (Groundball, 3L, EV 101.9 MPH)
|
|
Batting: RHB Luis Salazar
|
0-0: Ball 1-0: Called Strike 1-1: Foul Ball, location: 2F 1-2: Ball 2-2: Foul Ball, location: 2F 2-2: Foul Ball, location: 2F 2-2: Foul Ball, location: 2F 2-2: Ball 3-2: Ground out 4-3 (Groundball, 34, EV 100.6 MPH)
|
|
Batting: RHB Tony Russell
|
0-0: Swinging Strike 0-1: Ball 1-1: Ball 2-1: Ball 3-1: Base on Balls
|
|
Batting: RHB Byron Peyton
|
Pickoff Throw to First - Error! E1 Tony Russell to second 0-0: Foul Ball, location: 2F 0-1: Ball 1-1: Foul Ball, location: 2F 1-2: Foul Ball, location: 2F 1-2: Foul Ball, location: 2F 1-2: Fly out, F8 (Flyball, 8RM, EV 95.0 MPH)
|
| Top of the 3rd over - 0 runs, 0 hits, 1 error, 1 left on base; Greenville 0 - Spartanburg 0 |
| BOTTOM OF THE 3RD |
|
Spartanburg Spartans batting - Pitching for Greenville Spinners : RHP Robert Hussey
|
|
Batting: RHB Robin Dreizler
|
0-0: Ball 1-0: Ball 2-0: Called Strike 2-1: Fly out, F2 (Popup, 2R, EV 90.6 MPH)
|
|
Batting: SHB Michael Vanderburg
|
0-0: Swinging Strike 0-1: Ball 1-1: Ball 2-1: Swinging Strike 2-2: Foul Ball, location: 2F 2-2: Strikes out looking
|
|
Batting: LHB Albert Ortiz
|
0-0: Ball 1-0: Ball 2-0: Foul Ball, location: 2F 2-1: Foul Ball, location: 2F 2-2: Fly out, F7 (Flyball, 7, EV 89.4 MPH)
|
| Bottom of the 3rd over - 0 runs, 0 hits, 0 errors, 0 left on base; Greenville 0 - Spartanburg 0 |
| TOP OF THE 4TH |
|
Greenville Spinners batting - Pitching for Spartanburg Spartans : LHP Scott Budner
|
|
Batting: RHB Bobby Miscik
|
0-0: Called Strike 0-1: Reached on error, E5 (Groundball, 56, EV 85.6 MPH)
|
|
Batting: LHB John Edmonds
|
0-0: Called Strike 0-1: Ball Wild Pitch! Bobby Miscik to second 1-1: Foul Ball, location: 2F 1-2: Fly out, F7 (Flyball, 7LM, EV 84.4 MPH) Runner from 2nd tags up, SAFE at 3rd with throw by LF
|
|
Batting: RHB Glenn Robertson
|
0-0: Called Strike 0-1: Swinging Strike 0-2: Ball 1-2: Foul Ball, location: 2F 1-2: Foul Ball, location: 2F 1-2: Ground out U3 (Groundball, 13, EV 81.3 MPH) Bobby Miscik scores
|
|
Batting: SHB Thomas Colburn
|
0-0: Called Strike 0-1: SINGLE (Groundball, 56D, EV 104.4 MPH)
|
|
Batting: RHB Michael McEvilly
|
0-0: Ball 1-0: Called Strike 1-1: Ball 2-1: Ball 3-1: Base on Balls Thomas Colburn to second
|
|
Batting: RHB Darrell Woodard
|
0-0: Fielders Choice at 2nd, 6-4 (Groundball, 6, EV 88.1 MPH)
|
| Top of the 4th over - 1 run, 1 hit, 1 error, 2 left on base; Greenville 1 - Spartanburg 0 |
| BOTTOM OF THE 4TH |
|
Spartanburg Spartans batting - Pitching for Greenville Spinners : RHP Robert Hussey
|
|
Batting: RHB Gib Seibert
|
0-0: Ball 1-0: Swinging Strike 1-1: Called Strike 1-2: Ball 2-2: Foul Ball, location: 2F 2-2: SINGLE (Groundball, 56, EV 84.4 MPH) (infield hit)
|
|
Batting: LHB John Hennell
|
0-0: Ball 1-0: Foul Ball, location: 2F 1-1: Ball 2-1: Foul Ball, location: 2F 2-2: Foul Ball, location: 2F 2-2: Foul Ball, location: 2F 2-2: SINGLE (Line Drive, 6M, EV 95.6 MPH) Gib Seibert to second
|
|
Batting: RHB Van Sowards
|
0-0: Ball 1-0: Called Strike 1-1: Foul Ball, location: 2F 1-2: Fly out, F8 (Flyball, 8RS, EV 95.6 MPH)
|
|
Batting: LHB Warren McReddie
|
0-0: Foul Ball, location: 2F 0-1: Fly out, F9 (Flyball, 9, EV 91.9 MPH)
|
|
Batting: RHB Rigo Rodriguez
|
0-0: Swinging Strike 0-1: Foul Ball, location: 2F 0-2: Ground out 5-3 (Groundball, 15, EV 78.8 MPH)
|
| Bottom of the 4th over - 0 runs, 2 hits, 0 errors, 2 left on base; Greenville 1 - Spartanburg 0 |
| TOP OF THE 5TH |
|
Greenville Spinners batting - Pitching for Spartanburg Spartans : LHP Scott Budner
|
|
Batting: RHB Luis Salazar
|
0-0: Called Strike 0-1: Called Strike 0-2: Ball 1-2: Ball 2-2: Fly out, F9 (Flyball, 89M, EV 93.1 MPH)
|
|
Batting: RHB Tony Russell
|
0-0: Ball 1-0: Ball 2-0: Foul Ball, location: 2F 2-1: Ball 3-1: Base on Balls
|
|
Batting: RHB Byron Peyton
|
0-0: Ball 1-0: Ball Tony Russell steals 2nd base 2-0: Foul Ball, location: 2F 2-1: Swinging Strike 2-2: Foul Ball, location: 2F 2-2: Ball 3-2: SINGLE (Groundball, 34D, EV 93.8 MPH) Tony Russell to third Runner from 3rd tries for Home, SAFE, throw by RF to home Byron Peyton to second
|
|
Batting: RHB Bobby Miscik
|
0-0: Ball 1-0: Swinging Strike 1-1: Ball 2-1: Foul Ball, location: 2F 2-2: Fly out, F9 (Flyball, 9D, EV 93.1 MPH)
|
|
Batting: LHB John Edmonds
|
0-0: Ball 1-0: Swinging Strike 1-1: Ball 2-1: Foul Ball, location: 2F 2-2: Ball 3-2: Fly out, F8 (Flyball, 8RS, EV 78.8 MPH)
|
| Top of the 5th over - 1 run, 1 hit, 0 errors, 1 left on base; Greenville 2 - Spartanburg 0 |
| BOTTOM OF THE 5TH |
|
Spartanburg Spartans batting - Pitching for Greenville Spinners : RHP Robert Hussey
|
|
Batting: RHB Ron Dillard
|
0-0: Called Strike 0-1: Foul Ball, location: 2F 0-2: Foul Ball, location: 2F 0-2: Ball 1-2: Ground out 6-3 (Groundball, 6, EV 89.4 MPH)
|
|
Batting: RHB Robin Dreizler
|
0-0: Ball 1-0: Foul Ball, location: 2F 1-1: Ball 2-1: Ball 3-1: Called Strike 3-2: Foul Ball, location: 2F 3-2: Base on Balls
|
|
Batting: SHB Michael Vanderburg
|
0-0: Ball 1-0: Ball 2-0: Foul Ball, location: 2F 2-1: Called Strike 2-2: Ball 3-2: DOUBLE (Flyball, 8RXD, EV 104.4 MPH) Robin Dreizler to third Runner from 3rd tries for Home, SAFE, throw by CF to home
|
|
Batting: LHB Albert Ortiz
|
0-0: Ball 1-0: Ground out 6-3 (Groundball, 6, EV 81.3 MPH) Michael Vanderburg to third
|
|
Batting: RHB Gib Seibert
|
0-0: Called Strike 0-1: Ball 1-1: Swinging Strike 1-2: Strikes out swinging
|
| Bottom of the 5th over - 1 run, 1 hit, 0 errors, 1 left on base; Greenville 2 - Spartanburg 1 |
| TOP OF THE 6TH |
|
Greenville Spinners batting - Pitching for Spartanburg Spartans : LHP Scott Budner
|
|
Batting: RHB Glenn Robertson
|
0-0: Ball 1-0: Ball 2-0: Ball 3-0: Base on Balls
|
|
Batting: SHB Thomas Colburn
|
0-0: Bunt missed! 0-1: Bunt missed! 0-2: Foul Ball, location: 2F 0-2: Foul Ball, location: 2F 0-2: Ball 1-2: Foul Ball, location: 2F 1-2: Foul Ball, location: 2F 1-2: Ball 2-2: SINGLE (Groundball, 5D, EV 98.8 MPH) Glenn Robertson to second
|
|
Batting: RHB Michael McEvilly
|
0-0: Called Strike 0-1: Ball 1-1: Ball 2-1: Ball 3-1: SINGLE (Groundball, 56D, EV 103.8 MPH) Glenn Robertson to third Thomas Colburn to second Runner from 3rd tries for Home, SAFE, throw by LF to home
|
|
Batting: RHB Darrell Woodard
|
0-0: Bunt missed! 0-1: Sac Bunt to 23 - play at first, batter OUT! 3-4 Thomas Colburn to third Michael McEvilly to second
|
|
Batting: RHB Luis Salazar
|
0-0: Called Strike 0-1: Ball 1-1: SINGLE (Line Drive, 78M, EV 101.3 MPH) Thomas Colburn scores Michael McEvilly to third Runner from 3rd tries for Home, SAFE, throw by CF to home
|
|
Batting: RHB Tony Russell
|
0-0: Called Strike 0-1: Ball 1-1: Ball 2-1: Ball 3-1: Base on Balls Luis Salazar to second
|
|
Pitching: LHP Ronn Van Krevelen
|
|
|
Batting: RHB Byron Peyton
|
0-0: Foul Ball, location: 2F 0-1: Called Strike 0-2: Ball 1-2: Ball 2-2: Foul Ball, location: 2F 2-2: Fly out, F8 (Flyball, 89M, EV 91.3 MPH)
|
|
Batting: RHB Bobby Miscik
|
0-0: DOUBLE (Groundball, 5L, EV 103.1 MPH) Luis Salazar scores Tony Russell to third Runner from 3rd tries for Home, SAFE, no throw by LF
|
|
Batting: LHB John Edmonds
|
0-0: Fly out, F8 (Line Drive, 8RM, EV 95.0 MPH)
|
| Top of the 6th over - 5 runs, 4 hits, 0 errors, 1 left on base; Greenville 7 - Spartanburg 1 |
| BOTTOM OF THE 6TH |
|
Spartanburg Spartans batting - Pitching for Greenville Spinners : RHP Robert Hussey
|
|
Batting: LHB John Hennell
|
0-0: Called Strike 0-1: Foul Ball, location: 2F 0-2: Foul Ball, location: 2F 0-2: Ball 1-2: Ground out 4-3 (Groundball, 34D, EV 100.6 MPH)
|
|
Batting: RHB Van Sowards
|
0-0: Swinging Strike 0-1: Reached on error, E4 (Groundball, 34, EV 100.6 MPH)
|
|
Batting: LHB Warren McReddie
|
0-0: Foul Ball, location: 2F 0-1: Ball 1-1: Ball 2-1: Grounds into double play, 4-6-3 (Groundball, 4, EV 80.0 MPH)
|
| Bottom of the 6th over - 0 runs, 0 hits, 1 error, 0 left on base; Greenville 7 - Spartanburg 1 |
| TOP OF THE 7TH |
|
Greenville Spinners batting - Pitching for Spartanburg Spartans : LHP Ronn Van Krevelen
|
|
Batting: RHB Glenn Robertson
|
0-0: Called Strike 0-1: Ball 1-1: Ball 2-1: Foul Ball, location: 2F 2-2: Ball 3-2: Foul Ball, location: 2F 3-2: Base on Balls
|
|
Batting: SHB Thomas Colburn
|
0-0: Ball 1-0: Foul Ball, location: 2F 1-1: Swinging Strike 1-2: Grounds into double play, 4-6-3 (Groundball, 34, EV 88.8 MPH)
|
|
Batting: RHB Michael McEvilly
|
0-0: Called Strike 0-1: Ground out 4-3 (Groundball, 4D, EV 95.0 MPH)
|
| Top of the 7th over - 0 runs, 0 hits, 0 errors, 0 left on base; Greenville 7 - Spartanburg 1 |
| BOTTOM OF THE 7TH |
|
Spartanburg Spartans batting - Pitching for Greenville Spinners : RHP Robert Hussey
|
|
Batting: RHB Rigo Rodriguez
|
0-0: SINGLE (Groundball, 56, EV 86.3 MPH) (infield hit)
|
|
Batting: RHB Ron Dillard
|
0-0: Called Strike 0-1: Ball 1-1: Ball 2-1: Swinging Strike 2-2: Fielders Choice at 2nd, 6-4 (Groundball, 6, EV 83.1 MPH)
|
|
Batting: RHB Robin Dreizler
|
0-0: Ball 1-0: Called Strike 1-1: Called Strike 1-2: Ball 2-2: Foul Ball, location: 2F 2-2: Ground out 6-3 (Groundball, 6, EV 110.6 MPH) Ron Dillard to second
|
|
Batting: SHB Michael Vanderburg
|
0-0: Called Strike 0-1: Ball 1-1: Ball 2-1: Fly out, F8 (Flyball, 8LD, EV 98.8 MPH)
|
| Bottom of the 7th over - 0 runs, 1 hit, 0 errors, 1 left on base; Greenville 7 - Spartanburg 1 |
| TOP OF THE 8TH |
|
Greenville Spinners batting - Pitching for Spartanburg Spartans : LHP Ronn Van Krevelen
|
|
Batting: RHB Darrell Woodard
|
0-0: SINGLE (Line Drive, 9LS, EV 102.5 MPH)
|
|
Batting: RHB Luis Salazar
|
0-0: Called Strike 0-1: Ball 1-1: Ball 2-1: DOUBLE (Groundball, 5L, EV 103.1 MPH) Darrell Woodard to third Runner from 3rd tries for Home, SAFE, throw by LF to trailing runner, OUT at third! 7-6-5
|
|
Batting: RHB Tony Russell
|
0-0: Ball 1-0: Fly out, F4 (Popup, 3D, EV 42.5 MPH)
|
|
Batting: RHB Byron Peyton
|
0-0: Ball 1-0: Ball 2-0: Ball 3-0: Called Strike 3-1: Base on Balls
|
|
Pinch Hitting: RHB Brandt Humphry
|
0-0: Ground out U3 (Groundball, 34, EV 93.1 MPH)
|
| Top of the 8th over - 1 run, 2 hits, 0 errors, 1 left on base; Greenville 8 - Spartanburg 1 |
| BOTTOM OF THE 8TH |
|
Spartanburg Spartans batting - Pitching for Greenville Spinners : RHP Robert Hussey
|
|
Now at 1B: Brandt Humphry
|
|
|
Batting: LHB Albert Ortiz
|
0-0: DOUBLE (Line Drive, 7LM, EV 102.5 MPH)
|
|
Batting: RHB Gib Seibert
|
0-0: Foul Ball, location: 2F 0-1: Swinging Strike 0-2: Ball 1-2: Foul Ball, location: 2F 1-2: Foul Ball, location: 2F 1-2: Strikes out swinging
|
|
Batting: LHB John Hennell
|
0-0: Called Strike 0-1: Swinging Strike 0-2: Foul Ball, location: 2F 0-2: Ball 1-2: Ball 2-2: Foul Ball, location: 2F 2-2: Foul Ball, location: 2F 2-2: Strikes out swinging
|
|
Batting: RHB Van Sowards
|
0-0: Foul Ball, location: 2F 0-1: Ball 1-1: SINGLE (Groundball, 6MD, EV 93.8 MPH) Albert Ortiz to third Runner from 3rd tries for Home, SAFE, throw by CF to home
|
|
Batting: LHB Warren McReddie
|
0-0: Called Strike 0-1: Ball 1-1: Ground out 4-3 (Groundball, 4, EV 79.4 MPH)
|
| Bottom of the 8th over - 1 run, 2 hits, 0 errors, 1 left on base; Greenville 8 - Spartanburg 2 |
| TOP OF THE 9TH |
|
Greenville Spinners batting - Pitching for Spartanburg Spartans : LHP Ronn Van Krevelen
|
|
Batting: LHB John Edmonds
|
0-0: Foul Ball, location: 2F 0-1: Ball 1-1: Swinging Strike 1-2: Ground out 4-3 (Groundball, 4, EV 76.9 MPH)
|
|
Batting: RHB Glenn Robertson
|
0-0: Swinging Strike 0-1: Foul Ball, location: 2F 0-2: Hit by Pitch
|
|
Batting: SHB Thomas Colburn
|
0-0: Ball 1-0: Called Strike 1-1: Ball 2-1: Foul Ball, location: 2F 2-2: Ball 3-2: Fly out, F8 (Flyball, 78D, EV 95.0 MPH)
|
|
Batting: RHB Michael McEvilly
|
0-0: Foul Ball, location: 2F 0-1: Fly out, F4 (Flyball, 34D, EV 80.6 MPH)
|
| Top of the 9th over - 0 runs, 0 hits, 0 errors, 1 left on base; Greenville 8 - Spartanburg 2 |
| BOTTOM OF THE 9TH |
|
Spartanburg Spartans batting - Pitching for Greenville Spinners : RHP Robert Hussey
|
|
Batting: RHB Rigo Rodriguez
|
0-0: Called Strike 0-1: Ball 1-1: Ball 2-1: Fly out, F7 (Line Drive, 7D, EV 100.6 MPH)
|
|
Batting: RHB Ron Dillard
|
0-0: Called Strike 0-1: SINGLE (Groundball, 6S, EV 69.4 MPH) (infield hit)
|
|
Batting: RHB Robin Dreizler
|
0-0: Called Strike 0-1: Fly out, F4 (Popup, 34, EV 58.1 MPH)
|
|
Batting: SHB Michael Vanderburg
|
0-0: Called Strike 0-1: Fly out, F8 (Flyball, 8RM, EV 87.5 MPH)
|
| Bottom of the 9th over - 0 runs, 1 hit, 0 errors, 1 left on base; Greenville 8 - Spartanburg 2 |
|